 Dungeon Crawl Stone Soup version 0.28-a0-631-g0446da8ef9 (webtiles) character file.

Game seed: 1549917858350157332

597 timneilson the Covered (level 7, -1/62 HPs)
             Began as a Deep Dwarf Fighter on Oct 9, 2021.
             Engulfed by a steam dragon's steam (6 damage)
             ... on level 5 of the Dungeon.
             The game lasted 00:06:24 (3045 turns).

timneilson the Covered (Deep Dwarf Fighter)         Turns: 3045, Time: 00:06:25

Health: -1/62      AC:  7    Str: 22    XL:     7   Next: 17%
Magic:  6/6        EV: 14    Int:  8    God:
Gold:   176        SH:  5    Dex: 12    Spells: 6/6 levels left

rFire   . . .      SeeInvis .   a - +1 long sword
rCold   . . .      Faith    .   c - +0 buckler
rNeg    . . .      Spirit   .   b - +0 scale mail
rPois   .          Reflect  .   (no helmet)
rElec   .          Harm     .   (no cloak)
rCorr   .          Rampage  .   (no gloves)
Will    +....                   (no boots)
Stlth   ..........              (no amulet)
HPRegen 0.00/turn               d - +4 ring of evasion
MPRegen 0.10/turn               (no ring)

@: no status effects
A: damage resistance, heal wounds, sense surroundings 1, no regeneration
a: Heal Wounds


You were on level 5 of the Dungeon.
You visited 1 branch of the dungeon, and saw 5 of its levels.

You collected 176 gold pieces.

Inventory:

Hand Weapons
 a - a +1 long sword (weapon)
Armour
 b - a +0 scale mail (worn)
 c - a +0 buckler (worn)
Jewellery
 d - a +4 ring of evasion (left hand)
Wands
 n - a wand of flame (25)
Scrolls
 g - a scroll of fog
Potions
 f - a potion of ambrosia
 h - 2 potions of mutation
 i - a potion of haste
 j - 2 potions of curing
 k - a potion of brilliance {unknown}
 l - a potion of invisibility {unknown}


   Skills:
 + Level 3.6 Fighting
 * Level 4.2 Long Blades
 * Level 5.3 Armour
 + Level 2.5 Dodging
 * Level 5.2 Shields
 + Level 0.7 Evocations


You had 6 spell levels left.
You didn't know any spells.
Your spell library contained the following spells:

 Spells                   Type           Power      Damage    Failure   Level
 Ignite Poison            Fire/Tmut/Pois 0%         N/A       97%         3
 Mephitic Cloud           Conj/Pois/Air  0%         N/A       97%         3
 Animate Dead             Necr           0%         N/A       100%        4
 Freezing Cloud           Conj/Ice/Air   0%         6-21      100%        5
 Haunt                    Necr/Summ      0%         N/A       100%        7
 Infestation              Necr           0%         N/A       100%        8


Dungeon Overview and Level Annotations

Branches:
Dungeon (5/15)
 Temple: D:4-7

Altars:
Okawaru

Annotations:
D:3 2 transporters, BuzzyBeetle's ghost, amateur TeCj


Innate Abilities, Weirdness & Mutations

You are resistant to damage.
You can heal yourself by infusing magical energy.
You passively map a small area around you.
You do not regenerate.


Message History

You barely miss the steam dragon.
The steam dragon is moderately wounded.
You are engulfed in a cloud of scalding steam.
You block the steam dragon's attack. The steam dragon claws you.
You hit the steam dragon.
The steam dragon is heavily wounded.
You are engulfed in a cloud of scalding steam.
You block the steam dragon's attack. The steam dragon barely misses you.
You hit the steam dragon.
The steam dragon is heavily wounded.
The steam dragon barely misses you. The steam dragon claws you.
The steam dragon misses you.
The steam dragon claws you but does no damage.
You barely miss the steam dragon.
The steam dragon is heavily wounded.
The steam dragon bites you but does no damage.
The steam dragon barely misses you.
You slash the steam dragon!
The steam dragon is almost dead.
The steam dragon barely misses you.
The steam dragon claws you but does no damage.
You hit the steam dragon but do no damage.
The steam dragon is almost dead.
The steam dragon breathes steam at you. The ball of steam misses you.
You hit the steam dragon but do no damage.
The steam dragon is almost dead.
You are engulfed in a cloud of scalding steam.
The steam dragon breathes steam at you. The ball of steam misses you.
You closely miss the steam dragon.
The steam dragon is almost dead.
You are engulfed in a cloud of scalding steam.
The steam dragon breathes steam at you. The ball of steam hits you!!
* * * LOW HITPOINT WARNING * * *
You barely miss the steam dragon.
The steam dragon is almost dead.
You are engulfed in a cloud of scalding steam.
You die...

* * * * * .. , #### ,
. , ##..### ,, , #.
###.....### * *# #.,,*
##.........# * .#P#..*
##..........# ......#*
##..........##
,#P...)###...........#
,
##...D@#...........##
, #..................#
....#..............##
.##...#...........## #
, ##...#.....###### ##
, * ###..#.....## ##.
##........## #..
##........### ##..
##.........###...


You could see a steam dragon (catching breath).

Vanquished Creatures
  A necrophage (D:4)
  2 ogres
  A howler monkey (D:4)
  A jelly (D:4)
  2 hounds (D:4)
  Terence (D:2)
  An iguana (D:4)
  2 hound skeletons
  4 adders
  A shadow imp (D:5)
  A white imp (D:5)
  An ufetubus (D:5)
  A worm (D:2)
  14 ball pythons
  7 bats
  4 endoplasms
  7 giant cockroaches
  2 goblins
  3 hobgoblins
  6 jackals
  3 quokkas
  5 frilled lizards
  9 kobolds
  7 rats
86 creatures vanquished.

Notes
Turn   | Place    | Note
-------+----------+-------------------------------------------
     0 | D:1      | timneilson the Deep Dwarf Fighter began the quest for the
                  | Orb.
     0 | D:1      | Reached XP level 1. HP: 20/20 MP: 1/1
    68 | D:1      | Reached XP level 2. HP: 10/27 MP: 2/2
   846 | D:2      | Reached XP level 3. HP: 32/33 MP: 3/3
   864 | D:2      | Reached skill level 1 in Dodging
  1088 | D:2      | Reached XP level 4. HP: 37/40 MP: 4/4
  1193 | D:2      | Noticed Terence
  1203 | D:2      | Killed Terence
  1214 | D:2      | Found a faded altar of an unknown god.
  1576 | D:3      | Found a transporter.
  1576 | D:3      | Noticed BuzzyBeetle's ghost (amateur TeCj)
  1882 | D:3      | Found a transporter.
  2015 | D:4      | Reached XP level 5. HP: 22/49 MP: 5/5
  2054 | D:4      | Noticed an ogre
  2059 | D:4      | Noticed a necrophage
  2062 | D:4      | Killed an ogre
  2073 | D:4      | Killed a necrophage
  2074 | D:4      | Reached XP level 6. HP: 42/56 MP: 5/5
  2366 | D:4      | Reached skill level 5 in Armour
  2472 | D:4      | Found an iron altar of Okawaru.
  2478 | D:4      | Reached skill level 5 in Shields
  2863 | D:5      | Entered Level 5 of the Dungeon
  3005 | D:5      | Reached XP level 7. HP: 49/62 MP: 6/6
  3026 | D:5      | Noticed a steam dragon
  3045 | D:5      | Engulfed by a steam dragon's steam

Illustrated notes

Levels and vault maps discovered:
D:1:      amcnicky_arrival_blooded_trapdoor, layout_basic
D:2:      minmay_wonky_spiral, layout_rooms,
          hellmonk_ecumenical_altar_arch_garden, grunt_decor_fettered,
          uniq_terence
D:3:      layout_loops_ring, gammafunk_ghost_mausoleum
D:4:      layout_loops_ring, marbit_many_paths, minmay_tree_intersection,
          minmay_goblin_kobold_house
D:5:      layout_cave_pods, minmay_temple_entry_gardened_gates

Skill      XL: |  1  2  3  4  5  6 |
---------------+-------------------+-----
Dodging        | 1 2 |  2.5
Fighting       | 3 |  3.6
Armour         | 4 5 |  5.3
Shields        | 4 5 |  5.2
Long Blades    | 3 4 |  4.2
Evocations     | |  0.7

Action                   |  1- 3 |  4- 6 |  7- 9 || total
-------------------------+-------+-------+-------++-------
Melee: Long sword        |   113 |   142 |    18 ||   273
 Abil: Heal Wounds       |     1 |     4 |     1 ||     6
  Use: Scroll            |     3 |     5 |       ||     8
       Potion            |       |     2 |       ||     2
Armor: Scale mail        |    81 |    49 |     8 ||   138
Dodge: Dodged            |   105 |    72 |    17 ||   194
Block: Buckler           |    40 |    27 |     3 ||    70

Table legend: (Time is in decaauts)
 A = Elapsed time spent in this place.
 B = Non-inter-level travel time spent in this place.
 C = Inter-level travel time spent in this place.
 D = Time resting spent in this place.
 E = Time spent auto-exploring this place.
 F = Levels seen in this place.
 G = Mean time per level.
                   A        B        C        D        E       F      G
               +--------+--------+--------+--------+--------+-----+--------+
         Total |   3093 |   2943 |    150 |     46 |   2185 |   5 |  618.6 |
       Dungeon |   3093 |   2943 |    150 |     46 |   2185 |   5 |  618.6 |
               +--------+--------+--------+--------+--------+-----+--------+

Top non-repeatable levels by time:
     D:1: 844 daAuts
     D:4: 815 daAuts
     D:3: 722 daAuts
     D:2: 524 daAuts
     D:5: 187 daAuts
